 Dungeon Crawl Stone Soup version 0.32-a0-18-g89e19f1974 (webtiles) character file.

Game seed: 17526794745403613387

23 zenocrate the Sneak (level 2, 0/13 HPs)
             Began as a Vine Stalker Enchanter on Jan 16, 2024.
             Succumbed to a kobold's poison
             ... on level 1 of the Dungeon.
             The game lasted 00:01:04 (389 turns).

zenocrate the Sneak (Vine Stalker Enchanter)         Turns: 389, Time: 00:01:04

Health: 0/13       AC:  3    Str:  9    XL:     2   Next: 95%
Magic:  4/6        EV: 12    Int: 14    God:
Gold:   65         SH:  0    Dex: 18    Spells: 5/5 levels left

rFire   . . .        a - +1 dagger
rCold   . . .        (no shield)
rNeg    + . .        b - +0 robe
rPois   .            (no helmet)
rElec   .            (no cloak)
rCorr   .            (no gloves)
SInv    .            j - +0 pair of boots
Will    .....        (no amulet)
Stlth   +++          h - ring of positive energy
HPRegen 1.02/turn    (no ring)
MPRegen 0.10/turn

%: guardian spirit
@: lethally poisoned (0 -> -3)
A: fangs 2, regeneration 1, magic shield, antimagic bite, no potion heal 2,
agile 1, screaming 1
a: no special abilities


You were on level 1 of the Dungeon.
You visited 1 branch of the dungeon, and saw 1 of its levels.

You collected 65 gold pieces.

Inventory:

Hand Weapons
 a - a +1 dagger (weapon)
Missiles
 e - a throwing net (quivered)
Armour
 b - a +0 robe (worn)
 j - a +0 pair of boots (worn)
Jewellery
 h - a ring of positive energy (left hand)
Scrolls
 d - a scroll of poison {unknown}
 g - 2 scrolls of blinking {unknown}
 i - a scroll of immolation
 k - a scroll of summoning {unknown}
Potions
 c - 2 potions of invisibility


   Skills:
 + Level 1.3 Short Blades
 + Level 1.9 Dodging
 + Level 4.0 Stealth
 - Level 2.1 Spellcasting
 + Level 3.3 Hexes


You had 5 spell levels left.
You didn't know any spells.
Your spell library contained the following spells:

 Spells                   Type           Power      Damage    Failure   Level
 Ensorcelled Hibernation  Hex/Ice        12%        N/A       19%         2
 Confusing Touch          Hex            10%        N/A       19%         3
 Tukima's Dance           Hex            10%        N/A       19%         3
 Lesser Beckoning         Tloc           2%         N/A       34%         2
 Dazzling Flash           Conj/Hex       12%        N/A       34%         3
 Gell's Gravitas          Tloc           1%         N/A       56%         3
 Teleport Other           Tloc           1%         N/A       56%         3


Dungeon Overview and Level Annotations

Branches:
Dungeon (1/15)

Altars:


Innate Abilities, Weirdness & Mutations

You have extremely sharp teeth.
Your natural rate of healing is unusually fast.
When hurt, damage is shared between your health and your magic reserves.
Your bite disrupts and absorbs the magic of your enemies.
Potions cannot restore your health.
You are agile. (Dex +4, Str/Int -1)
You occasionally shout uncontrollably at your foes.


Message History

The kobold is moderately wounded.
The bat hits you.
The kobold hits you with a +2 dagger of venom.
You are poisoned.
You barely miss the kobold. Your bite misses the kobold.
The kobold is moderately wounded.
You feel very sick. The bat barely misses you. The kobold closely misses you.
You don't know any spells.
You barely miss the kobold.
The kobold is moderately wounded.
You feel sick. The bat closely misses you. The frilled lizard bites you.
The kobold closely misses you.
Unknown command.
You hit the kobold but do no damage.
The kobold is moderately wounded.
You feel sick. The bat misses you. The frilled lizard misses you.
The kobold barely misses you.
Unknown command.
You hit the kobold.
The kobold is heavily wounded.
You feel sick. The bat barely misses you.
The kobold hits you but does no damage.
You are lethally poisoned!
The frilled lizard closely misses you.
Unknown command.
You hit the kobold.
You kill the kobold!
* * * LOW HITPOINT WARNING * * *
You feel very sick. The frilled lizard closely misses you.
The bat hits you but does no damage.
Unknown command.
Unknown command.
It was a potion of mutation.
You feel extremely strange.
You feel agile.
You feel the urge to shout.
* * * LOW HITPOINT WARNING * * *
You feel sick. The bat completely misses you. The bat closely misses you.
The frilled lizard bites you but does no damage.
Unknown command.
You die...

.# ##.. #...#..#........# .#
#. #...##.....#....# .# #.. #
##....##.._......# .# ..
#.##....#...#.......# .### ..
#..........#........# ...# .#
##.....#....#......# ...##.#
##.#...##.#..#.#.#.. ...#..#
#..#...#.##.#.###... .....#
#@l..............# ....####
#b...............# .......##
.....#####....#..# ....#...#.
#...###............
...###......#
#.#............##..
.............
....###........####
.#.###.####..>#..?...........#
# ....##.# # #. .###........#
# ..#....# ...........# .


You could see a bat and a frilled lizard.

Vanquished Creatures
  2 dart slugs (D:1)
  3 endoplasms (D:1)
  2 goblins (D:1)
  4 hobgoblins (D:1)
  A kobold (D:1)
  2 ball pythons (D:1)
  2 frilled lizards (D:1)
  A rat (D:1)
17 creatures vanquished.

Notes
Turn   | Place    | Note
-------+----------+-------------------------------------------
     0 | D:1      | zenocrate the Vine Stalker Enchanter began the quest for
                  | the Orb.
     0 | D:1      | Reached XP level 1. HP: 9/9 MP: 4/4
    71 | D:1      | Reached skill level 1 in Short Blades
   143 | D:1      | Found a faded altar of an unknown god.
   162 | D:1      | Reached XP level 2. HP: 10/13 MP: 3/6
   322 | D:1      | Reached skill level 4 in Stealth
   388 | D:1      | Gained mutation: You are agile. (Dex +4, Str/Int -1)
                  | [potion of mutation]
   388 | D:1      | Gained mutation: You occasionally shout uncontrollably at
                  | your foes. [potion of mutation]
   389 | D:1      | Succumbed to a kobold's poison

Illustrated notes

Levels and vault maps discovered:
D:1:      erik_arrival_orb_chamber, layout_rooms,
          hellmonk_ecumenical_altar_blasted

Skill      XL: |  1  2 |
---------------+-------+-----
Short Blades   | 1 |  1.3
Stealth        | 4 |  4.0
Dodging        | |  1.9
Spellcasting   | |  2.1
Hexes          | |  3.3

Action                     || total
---------------------------++-------
  Melee: Dagger            ||    51
         Bite              ||    14
    Use: Potion            ||     1
   Stab: Sleeping          ||     1
 Armour: Robe              ||    22
  Dodge: Dodged            ||    39

Table legend: (Time is in decaauts)
 A = Elapsed time spent in this place.
 B = Non-inter-level travel time spent in this place.
 C = Inter-level travel time spent in this place.
 D = Time resting spent in this place.
 E = Time spent auto-exploring this place.
 F = Levels seen in this place.
 G = Mean time per level.
                   A        B        C        D        E       F      G
               +--------+--------+--------+--------+--------+-----+--------+
         Total |    386 |    386 |      0 |      0 |    257 |   1 |  386.0 |
       Dungeon |    386 |    386 |      0 |      0 |    257 |   1 |  386.0 |
               +--------+--------+--------+--------+--------+-----+--------+

Top non-repeatable levels by time:
     D:1: 386 daAuts
